 Dungeon Crawl Stone Soup version 0.21-a0-344-g2144152 (webtiles) character file.

7 tidbits the Grave Robber (level 1, -1/7 HPs)
             Began as a Felid Necromancer on Oct 4, 2017.
             Slain by a jackal (2 damage)
             ... on level 1 of the Dungeon.
             The game lasted 00:01:32 (269 turns).

tidbits the Grave Robber (Felid Necromancer)         Turns: 269, Time: 00:01:33

Health: -1/7       AC:  1    Str:  4    XL:     1   Next: 83%
Magic:  1/4        EV: 18    Int: 16    God:
Gold:   38         SH:  0    Dex: 16    Spells: 3/4 levels left
                                        Lives:  0   Deaths: 0

rFire    + . .     SeeInvis +   (weapon unavailable)
rCold    . . .     Gourm    .   (shield unavailable)
rNeg     . . .     Faith    .   (armour unavailable)
rPois    .         Spirit   .   (helmet unavailable)
rElec    .         Reflect  .   (cloak unavailable)
rCorr    .         Harm     .   (gloves unavailable)
MR       .....                  (boots unavailable)
Stlth    +++.......             (no amulet)
HPRegen  0.02/turn              d - ring of protection from fire
MPRegen  0.09/turn              (no ring)

@: very slightly contaminated, quick
A: no armour, no weapons or thrown items, stealth, claws 1, fangs 3, see
invisible, carnivore 3, speed 1, shaggy fur 1, slow metabolism 1, sharp paws
a: no special abilities


You were on level 1 of the Dungeon.
You were not hungry.

You visited 1 branch of the dungeon, and saw 3 of its levels.

You collected 38 gold pieces.

Inventory:

Jewellery
 d - a ring of protection from fire (left paw)
   (You found it on level 2 of the Dungeon)
Books
 a - a book of Necromancy

   Spells                             Type                      Level
   a - Pain                           Necromancy                   1
   b - Animate Skeleton               Necromancy                   1
   c - Vampiric Draining              Necromancy                   3
   d - Regeneration                   Charms/Necromancy            3
   e - Animate Dead                   Necromancy                   4
   f - Control Undead                 Necromancy                   4
Comestibles
 b - a meat ration


   Skills:
 - Level 2.9 Dodging
 - Level 3.0 Stealth
 + Level 2.1 Spellcasting
 * Level 4.1 Necromancy


You had 3 spell levels left.
You knew the following spells:

 Your Spells              Type           Power        Failure   Level  Hunger
a - Pain                  Necr           ##..         3%          1    #......


Dungeon Overview and Level Annotations

Branches:
Dungeon (3/15)

Altars:


Innate Abilities, Weirdness & Mutations

You cannot wear armour.
You are incapable of wielding weapons or throwing items.
Your paws allow you to move quietly. (Stealth)
You have sharp claws.
You have razor-sharp teeth.
You have supernaturally acute eyesight. (SInv)
You are carnivorous and can eat meat at any time.
You cover ground quickly.
You are covered in fur. (AC +1)
You have a slow metabolism.
Your sharp claws are effective at attacking unaware monsters.


Message History

You swing at nothing.
You swing at nothing.
You swing at nothing.
You swing at nothing.
You swing at nothing.
You swing at nothing.
You swing at nothing.
You swing at nothing.
Found a flail.
Found a hunting sling.
Found 4 fruits and a scroll labeled UPHIFFE PYONAS.
e - a scroll labeled UPHIFFE PYONAS A goblin and a hobgoblin come into view.
The goblin shouts!
The hobgoblin closely misses you.
A hobgoblin comes into view.
Casting: Pain
Confirm with . or Enter, or press ? or * to list all spells.
Aiming: Pain
Press: ? - help, Shift-Dir - straight line, f - hobgoblin
Aim: a hobgoblin, wielding a club (chance to defeat MR: 85%)
The hobgoblin writhes in agony!
Casting: Pain
Confirm with . or Enter, or press ? or * to list all spells.
Aiming: Pain
Press: ? - help, Shift-Dir - straight line, f/p - hobgoblin
Aim: a hobgoblin, wielding a club (heavily wounded, chance to defeat MR: 85%)
The hobgoblin writhes in agony!
You kill the hobgoblin!
Casting: Pain
Confirm with . or Enter, or press ? or * to list all spells.
Aiming: Pain
Press: ? - help, Shift-Dir - straight line, f - goblin
Aim: a goblin, wielding a club (chance to defeat MR: 85%)
You miscast Pain.
You are very lightly contaminated with residual magic.
Nothing appears to happen.
Casting: Pain
Confirm with . or Enter, or press ? or * to list all spells.
Aiming: Pain
Press: ? - help, Shift-Dir - straight line, f/p - goblin
Aim: a goblin, wielding a club (chance to defeat MR: 85%)
The goblin writhes in agony!
Casting: Pain
Confirm with . or Enter, or press ? or * to list all spells.
Aiming: Pain
Press: ? - help, Shift-Dir - straight line, f/p - goblin
Aim: a goblin, wielding a club (severely wounded, chance to defeat MR: 85%)
The goblin writhes in agony!
You kill the goblin!
Your Stealth skill increases to level 3!
You swing at nothing.
You swing at nothing.
You swing at nothing.
You swing at nothing.
You swing at nothing.
You swing at nothing.
You swing at nothing.
You swing at nothing.
Your magical contamination has completely faded away.
An adder comes into view.
The adder hisses angrily.
A jackal comes into view.
As you read the scroll labeled TEPEKI TOSK, it crumbles to dust.
You feel blessed for a moment.
It was a scroll of remove curse.
A jackal comes into view.
As you read the scroll labeled UPHIFFE PYONAS, it crumbles to dust.
You hear a loud clanging noise!
It was a scroll of noise.
The jackal barks! x2; You hear an angry hiss.
Wield which item (- for none, * to show all)? (? for menu, Esc to quit)
Your mouth is now empty.
The jackal barely misses you. The jackal barely misses you.
There is an open door here.
There is a stone staircase leading up here.
The jackal closely misses you. x2
You climb upwards.
There is a stone staircase leading down here.
Casting: Pain
Confirm with . or Enter, or press ? or * to list all spells.
Aiming: Pain
Press: ? - help, Shift-Dir - straight line, f - jackal
Aim: a jackal (chance to defeat MR: 85%)
The jackal barely resists.
The jackal barely misses you.
Casting: Pain
Confirm with . or Enter, or press ? or * to list all spells.
Aiming: Pain
Press: ? - help, Shift-Dir - straight line, f/p - jackal
Aim: a jackal (chance to defeat MR: 85%)
The jackal writhes in agony!
The jackal misses you.
Casting: Pain
Confirm with . or Enter, or press ? or * to list all spells.
Aiming: Pain
Press: ? - help, Shift-Dir - straight line, f/p - jackal
Aim: a jackal (severely wounded, chance to defeat MR: 85%)
You miscast Pain.
You are very lightly contaminated with residual magic.
Nothing appears to happen.
The jackal bites you.
You die...

.......####(##⌠♣#...#####
#.......#.##.♣#...#≈≈≈#
#[......#.##.♣#...#≈8≈#
..#.......#.##..##'##≈.≈#
#............#..........#
###.......##.#..#########
#.......##....#
#......h#######
####....@# #####.# #.#
... .#.. #. .# ## ##


You could see a jackal.

Vanquished Creatures
  2 goblins (D:2)
  2 hobgoblins
  A kobold (D:2)
5 creatures vanquished.

Notes
Turn   | Place    | Note
-------+----------+-------------------------------------------
     0 | D:1      | tidbits the Felid Necromancer began the quest for the Orb.
     0 | D:1      | Reached XP level 1. HP: 7/7 MP: 4/4
   118 | D:3      | Noticed an orc wizard
   216 | D:2      | Reached skill level 3 in Stealth
   269 | D:1      | Slain by a jackal

Vault maps used:
D:1:      sevenhm_arrival_forest_fort_small_3
D:2:      cheibrodos_helix_gallery, uniq_crazy_yiuf_cottage, uniq_robin,
          uniq_terence

Skill      XL: |  1 |
---------------+----+-----
Stealth        | 3 |  3.0
Dodging        | |  2.9
Spellcasting   | |  2.1
Necromancy     | |  4.1

Action                   || total
-------------------------++-------
 Cast: Pain              ||    14
  Use: Scroll            ||     2
Dodge: Dodged            ||     9

Table legend:
 A = Spawn XP
 B = Non-spawn XP
 C = Spawn XP percentage of total XP
 D = Spawn monster count
 E = Non-spawn monster count
 F = Spawn count percentage of total count
 G = Total turns spent on level
                    A         B        C        D         E        F      G
               +---------+---------+-------+---------+---------+-------+---------
         Total |       0 |      10 |   0.0 |       0 |       5 |   0.0 |   269
               +---------+---------+-------+---------+---------+-------+---------
           D:2 |       0 |       8 |   0.0 |       0 |       4 |   0.0 |   157
           D:3 |       0 |       2 |   0.0 |       0 |       1 |   0.0 |    29
               +---------+---------+-------+---------+---------+-------+---------

Table legend:
 A = Turns spent in this place as a percentage of turns spent in the entire game.
 B = Non-inter-level travel turns spent in this place as a percentage of non-inter-level travel turns spent in the entire game.
 C = Inter-level travel turns spent in this place as a percentage of turns spent in this place.
 D = Turns resting spent in this place as a percentage of non-inter-level travel turns spent in this place.
 E = Turns spent auto-exploring this place as a percentage of non-inter-level travel turns spent in this place.
 F = Non-inter-level travel turns spent in this place divided by the number of levels of this place that you've seen.
                   A       B       C       D       E      F
               +-------+-------+-------+-------+-------+----------------------
         Total | 100.0 | 100.0 |   0.0 |   0.0 |   0.0 |  89.7
       Dungeon | 100.0 | 100.0 |   0.0 |   0.0 |   0.0 |  89.7
               +-------+-------+-------+-------+-------+----------------------

Table legend:
 A = Kills in this place as a percentage of kills in entire the game.
 B = Kills by you in this place as a percentage of kills by you in the entire game.
 C = Kills by friends in this place as a percentage of kills by friends in the entire game.
 D = Other kills in this place as a percentage of other kills in the entire game.
 E = Experience gained in this place as a percentage of experience gained in the entire game.
 F = Experience gained in this place divided by the number of levels of this place that you have seen.
                   A       B       C       D       E      F
               +-------+-------+-------+-------+-------+----------------------
         Total | 100.0 | 100.0 |   N/A |   N/A | 100.0 |   3.3
       Dungeon | 100.0 | 100.0 |   N/A |   N/A | 100.0 |   3.3
               +-------+-------+-------+-------+-------+----------------------

Vault maps used:
D:1:      sevenhm_arrival_forest_fort_small_3
D:2:      cheibrodos_helix_gallery, uniq_crazy_yiuf_cottage, uniq_robin,
          uniq_terence
